 Dungeon Crawl Stone Soup version 0.31-a0-1591-g515db51633 (webtiles) character file.

Game seed: 7073712142731247925

13 Ofeo the Sneak (level 2, -3/25 HPs)
             Began as a Draconian Brigand on Jan 7, 2024.
             Slain by a gnoll
             ... wielding a +0 spear
              (4 damage)
             ... on level 2 of the Dungeon.
             The game lasted 00:00:20 (1054 turns).

Ofeo the Sneak (Draconian Brigand)                  Turns: 1054, Time: 00:00:21

Health: -3/25      AC:  5    Str: 13    XL:     2   Next: 24%
Magic:  2/2        EV: 11    Int: 11    God:
Gold:   46         SH:  0    Dex: 12    Spells: 1/1 levels left

rFire   . . .        a - +2 dagger
rCold   . . .        (no shield)
rNeg    . . .        (body armour unavailable)
rPois   .            (helmet restricted)
rElec   .            b - +0 cloak
rCorr   .            (no gloves)
SInv    .            (no boots)
Will    .....        (no amulet)
Stlth   ++           (no ring)
HPRegen 0.24/turn    (no ring)
MPRegen 0.08/turn

%: no passive effects
@: no status effects
A: AC +4, unfitting armour, cold-blooded
a: no special abilities


You were on level 2 of the Dungeon.
You visited 1 branch of the dungeon, and saw 2 of its levels.

You collected 46 gold pieces.

Inventory:

Hand Weapons
 a - a +2 dagger (weapon)
Missiles
 c - 9 poisoned darts (quivered)
 d - 3 curare-tipped darts
Armour
 b - a +0 cloak (worn)
Potions
 e - a potion of curing {unknown}
 f - a potion of brilliance {unknown}
 g - a potion of ambrosia {unknown}


   Skills:
 + Level 2.4 Fighting
 + Level 2.2 Short Blades
 + Level 2.0 Throwing
 + Level 1.2 Dodging
 + Level 3.7 Stealth


You had one spell level left.
You didn't know any spells.
Your spell library was empty.

Dungeon Overview and Level Annotations

Branches:
Dungeon (2/15)

Altars:


Innate Abilities, Weirdness & Mutations

Your plain brown scales are hard. (AC +4)
You cannot fit into any form of body armour.
You are cold-blooded and may be slowed by cold attacks.


Message History

The gnoll shouts! x2; You hear a shout!
The gnoll misses you.
You hear an angry hiss.
The gnoll hits you with a +0 spear.
You take 4 damage, and have 21/25 hp.
You hit the gnoll. You tail-slap the gnoll.
The gnoll is lightly wounded.
The gnoll hits you with a +0 spear. x2
You take 3 damage, and have 18/25 hp.
You hit the gnoll.
The gnoll is heavily wounded.
A hobgoblin comes into view.
The gnoll completely misses you. The gnoll hits you with a +0 spear.
The gnoll hits you with a +0 whip.
You take 7 damage, and have 11/25 hp.
MASSIVE DAMAGE!!
You are too injured to fight recklessly!
You are too injured to fight recklessly!
You are too injured to fight recklessly!
You are too injured to fight recklessly!
You are too injured to fight recklessly!
You are too injured to fight recklessly!
You are too injured to fight recklessly!
You are too injured to fight recklessly!
You are too injured to fight recklessly!
You are too injured to fight recklessly!
You are too injured to fight recklessly!
You are too injured to fight recklessly!
You are too injured to fight recklessly!
You are too injured to fight recklessly!
You are too injured to fight recklessly!
You are too injured to fight recklessly!
You are too injured to fight recklessly!
The gnoll attacks as it pursues you! The gnoll hits you with a +0 whip.
* * * LOW HITPOINT WARNING * * *
The gnoll hits you from afar with a +0 spear.
* * * LOW HITPOINT WARNING * * *
The gnoll barely misses you.
You take 10 damage, and have 1/25 hp.
MASSIVE DAMAGE!!
The gnoll hits you from afar with a +0 spear.
You die...

######### ........#
........#####
........#...#
$.......#...##########
.......<#............###
.?....gg#....#######...###
......gg.@.#...# ###<...
####.g####........$ #####
## #####..... .#.#. .....
#.#. ...


You could see 4 gnolls and a hobgoblin.

Vanquished Creatures
  A dart slug (D:1)
  3 ball pythons
  A bat (D:1)
  An endoplasm (D:1)
  3 goblins (D:1)
  A hobgoblin (D:1)
10 creatures vanquished.

Notes
Turn   | Place    | Note
-------+----------+-------------------------------------------
     0 | D:1      | Ofeo the Draconian Brigand began the quest for the Orb.
     0 | D:1      | Reached XP level 1. HP: 17/17 MP: 1/1
   324 | D:1      | Reached skill level 1 in Dodging
   496 | D:1      | Reached XP level 2. HP: 23/25 MP: 2/2
   762 | D:1      | Found a faded altar of an unknown god.
  1053 | D:2      | HP: 1/25 [gnoll/+0 spear (5)]
  1054 | D:2      | Slain by a gnoll

Illustrated notes

Levels and vault maps discovered:
D:1:      giann_wishing_wells, layout_basic,
          dreamdust_ecumenical_altar_hidden_monk_grotto
D:2:      layout_rooms, basic_altar, glass_columns_a, uniq_natasha, uniq_robin,
          uniq_terence

Skill      XL: |  1  2 |
---------------+-------+-----
Dodging        | 1 |  1.2
Throwing       | 2 |  2.0
Fighting       | |  2.4
Short Blades   | |  2.2
Stealth        | |  3.7

Action                     || total
---------------------------++-------
  Melee: Dagger            ||    22
         Tailslap          ||     3
    Use: Scroll            ||     1
   Stab: Sleeping          ||     2
 Armour: Skin              ||    15
  Dodge: Dodged            ||    12

Table legend: (Time is in decaauts)
 A = Elapsed time spent in this place.
 B = Non-inter-level travel time spent in this place.
 C = Inter-level travel time spent in this place.
 D = Time resting spent in this place.
 E = Time spent auto-exploring this place.
 F = Levels seen in this place.
 G = Mean time per level.
                   A        B        C        D        E       F      G
               +--------+--------+--------+--------+--------+-----+--------+
         Total |   1051 |   1024 |     27 |      0 |    953 |   2 |  525.5 |
       Dungeon |   1051 |   1024 |     27 |      0 |    953 |   2 |  525.5 |
               +--------+--------+--------+--------+--------+-----+--------+

Top non-repeatable levels by time:
     D:1: 1030 daAuts
     D:2: 21 daAuts
